 Dungeon Crawl Stone Soup version 0.28.0 (webtiles) character file.

Game seed: 6182547710315810849

18 growler the Gusty (level 2, 15/15 HPs)
             Began as a Tengu Air Elementalist on Feb 15, 2022.
             Was a Plaything of Xom.
             Quit the game on level 1 of the Dungeon on Feb 16, 2022.
             The game lasted 00:02:57 (1137 turns).

growler the Gusty (Tengu Air Elementalist)          Turns: 1137, Time: 00:02:57

Health: 15/15      AC:  2    Str:  8    XL:     2   Next: 70%
Magic:  15/15      EV: 12    Int: 15    God:    Xom [..*...]
Gold:   14         SH:  0    Dex: 14    Spells: 2/5 levels left

rFire   . . .      SeeInvis .   (no weapon)
rCold   . . .      Faith    .   (no shield)
rNeg    . . .      Spirit   .   a - +0 robe
rPois   .          Reflect  .   (helmet restricted)
rElec   .          Harm     .   (no cloak)
rCorr   .          Rampage  .   (no gloves)
Will    .....                   (boots unavailable)
Stlth   ++........              (no amulet)
HPRegen 0.05/turn               c - ring of magical power
MPRegen 0.14/turn               (no ring)

@: no status effects
A: beak, talons 3
a: Renounce Religion


You were on level 1 of the Dungeon.
You worshipped Xom.
You were a toy of Xom.
You visited 1 branch of the dungeon, and saw 1 of its levels.

You collected 14 gold pieces.

Inventory:

Armour
 a - a +0 robe (worn)
Jewellery
 c - a ring of magical power (left hand)
   (You found it on level 1 of the Dungeon)
Scrolls
 d - a scroll of identify {unknown}
 e - 2 scrolls of magic mapping {unknown}
Potions
 b - a potion of curing {unknown}


   Skills:
 - Level 2.1 Dodging
 - Level 2.0 Stealth
 + Level 2.3 Spellcasting
 + Level 2.3 Conjurations
 + Level 4.4 Air Magic


You had 2 spell levels left.
You knew the following spells:

 Your Spells              Type           Power      Damage    Failure   Level
a - Shock                 Conj/Air       44%        1d5       5%          1
d - Static Discharge      Conj/Air       11%        N/A       9%          2

Your spell library contained the following spells:

 Spells                   Type           Power      Damage    Failure   Level
 Swiftness                Air            15%        N/A       11%         3
 Airstrike                Air            7%         N/A       34%         4


Dungeon Overview and Level Annotations

Branches:
Dungeon (1/15)

Altars:
Xom


Innate Abilities, Weirdness & Mutations

You have a beak for a mouth.
You have claws for feet.


Message History

There is an open door here.
There is an open door here.
Things that are here:
a +0 whip; a +0 club
There is an escape hatch in the floor here.
There is an open door here.
There is an open door here.
A quokka comes into view.
The zap hits the quokka. x2
The zap hits the quokka.
The quokka bites you. The quokka misses you.
The zap misses the quokka.
The quokka barely misses you.
The zap hits the quokka.
The quokka completely misses you.
The zap hits the quokka.
You kill the quokka!
Unknown command.
You see here a quokka corpse.
You open the door.
A frilled lizard comes into view.
There is an open door here.
A frilled lizard is nearby!
A frilled lizard is nearby!
Aim: a frilled lizard (asleep, 100% to hit)
The zap hits the frilled lizard.
You kill the frilled lizard!
A frilled lizard comes into view.
Aim: a frilled lizard (asleep, 100% to hit)
You miscast Shock.
You are very lightly contaminated with residual magic.
Nothing appears to happen.
Aim: a frilled lizard (asleep, 100% to hit)
You miscast Shock.
Nothing appears to happen.
Aim: a frilled lizard (asleep, 100% to hit)
The zap hits the frilled lizard.
You kill the frilled lizard!
Your magical contamination has completely faded away.
You open the door.
There is an open door here.
There is an open door here.
Done exploring.
Options error: Bad channel -- pray (~/.crawlrc:4442) Options error: Bad channel -- food (~/.crawlrc:4445) Options error: Bad channel -- rotten_meat (~/.crawlrc:4462) Welcome back, growler the Tengu Air Elementalist.
Xom titters.
Options error: Bad channel -- pray (~/.crawlrc:4442) Options error: Bad channel -- food (~/.crawlrc:4445) Options error: Bad channel -- rotten_meat (~/.crawlrc:4462) Welcome back, growler the Tengu Air Elementalist.
Xom titters.
Okay, then.

>....# ######## #.#..#
.....###################
#.#...
.....#.....#...........#
#.#.##
.....#.....#...........#
#.....
.....#.....#...........#
####.#
.....#.♣...#...........#
######..
......♣PP♣.'...........#
#.......
#####♣.♣♣.♣#...........#
#.......
......P_..♣#....@......#
#.......
........P♣[####'########
###..... .......♣♣.##
#....# #.....
........#######.##.#
#.....
........'.......##.#
#.....
........##########'###
#..... ........# #.#.#o#
#.....
........##########.###
######
..............##K#.#Q#


There were no monsters in sight!

Vanquished Creatures
  3 endoplasms (D:1)
  2 giant cockroaches (D:1)
  A hobgoblin (D:1)
  A kobold (D:1)
  2 quokkas (D:1)
  A ball python (D:1)
  A bat (D:1)
  2 frilled lizards (D:1)
  2 goblins (D:1)
  2 rats (D:1)
17 creatures vanquished.

Notes
Turn   | Place    | Note
-------+----------+-------------------------------------------
     0 | D:1      | growler the Tengu Air Elementalist began the quest for the
                  | Orb.
     0 | D:1      | Reached XP level 1. HP: 10/10 MP: 4/4
     2 | D:1      | Noticed a formicid
     2 | D:1      | Noticed a vampire
     4 | D:1      | Noticed a dwarf
     4 | D:1      | Noticed an ogre
     6 | D:1      | Noticed a demonspawn
     8 | D:1      | Noticed a minotaur
     8 | D:1      | Noticed a troll
    10 | D:1      | Noticed a draconian
    12 | D:1      | Noticed a demigod
    12 | D:1      | Noticed an elf
    14 | D:1      | Noticed a felid
    14 | D:1      | Noticed a vine stalker
    16 | D:1      | Noticed a ghoul
    16 | D:1      | Noticed an octopode
    18 | D:1      | Noticed a gargoyle
    20 | D:1      | Noticed a human
    20 | D:1      | Noticed a merfolk
    22 | D:1      | Noticed a spriggan
    22 | D:1      | Noticed a naga
    24 | D:1      | Noticed a tengu
   300 | D:1      | Found a faded altar of an unknown god.
   305 | D:1      | Prayed at the altar of an unknown god.
   305 | D:1      | Became a worshipper of Xom of Chaos
   456 | D:1      | Reached XP level 2. HP: 15/15 MP: 1/6
   498 | D:1      | Learned a level 2 spell: Static Discharge
  1137 | D:1      | Quit the game

Illustrated notes

Levels and vault maps discovered:
D:1:      kb_arrival_jail, layout_basic, ebering_ecumenical_altar_petrified

Skill      XL: |  1 |
---------------+----+-----
Conjurations   | 2 |  2.3
Dodging        | |  2.1
Stealth        | |  2.0
Spellcasting   | |  2.3
Air Magic      | |  4.4

Action                   || total
-------------------------++-------
Melee: Unarmed           ||    19
       Kick              ||     5
       Peck              ||     4
       Punch             ||     1
 Cast: Shock             ||    33
Armor: Robe              ||     6
Dodge: Dodged            ||    16
